 Dungeon Crawl Stone Soup version 0.29-a0-872-g797fff5ad1 (webtiles) character file.

Game seed: 3419574359761114069

3803 hquester1 the Fighter (level 9, -3/81 HPs)
             Began as a Minotaur Fighter on July 18, 2022.
             Was an Initiate of Okawaru.
             Slain by Grum
             ... wielding a +1 glaive
              (24 damage)
             ... on level 8 of the Dungeon.
             The game lasted 00:16:10 (6582 turns).

hquester1 the Fighter (Minotaur Fighter)            Turns: 6582, Time: 00:16:10

Health: -3/81      AC: 17    Str: 24    XL:     9   Next: 96%
Magic:  8/8        EV: 11    Int:  5    God:    Okawaru [......]
Gold:   527        SH:  0    Dex: 17    Spells: 8/8 levels left

rFire   . . .      SeeInvis .   a - +0 war axe
rCold   . . .      Faith    .   c - +0 buckler
rNeg    . . .      Spirit   .   w - +0 chain mail
rPois   .          Reflect  .   b - +2 hat
rElec   .          Harm     .   v - +0 cloak
rCorr   +          Rampage  .   I - +1 pair of gloves
Will    .....                   H - +0 pair of boots
Stlth   ..........              B - amulet of regeneration
HPRegen 1.03/turn               q - +6 ring of dexterity
MPRegen 0.11/turn               C - ring of resist corrosion

@: confused, ambrosia-drunk
A: horns 2, retaliatory headbutt
a: Renounce Religion


You were on level 8 of the Dungeon.
You worshipped Okawaru.
Okawaru was noncommittal.
You visited 2 branches of the dungeon, and saw 9 of its levels.

You collected 527 gold pieces.

Inventory:

Hand Weapons
 a - a +0 war axe (weapon)
 F - a +0 flail of protection
Missiles
 G - 5 boomerangs of dispersal (quivered)
Armour
 b - a +2 hat (worn)
 c - a +0 buckler (worn)
 v - a +0 cloak (worn)
 w - a +0 chain mail (worn)
 H - a +0 pair of boots (worn)
 I - a +1 pair of gloves (worn)
Jewellery
 p - a ring of protection from fire
 q - a +6 ring of dexterity (left hand)
 B - an amulet of regeneration (around neck)
 C - a ring of resist corrosion (right hand)
Wands
 u - a wand of flame (21)
 y - a wand of iceblast (2)
 E - a wand of light (9)
Scrolls
 e - 5 scrolls of teleportation {unknown}
 i - a scroll of fog {unknown}
 j - 2 scrolls of fear {unknown}
 k - a scroll of immolation {unknown}
 l - a scroll of enchant armour {unknown}
 m - a scroll of noise {unknown}
 o - a scroll of magic mapping {unknown}
 s - 3 scrolls of identify {unknown}
 x - a scroll of acquirement {unknown}
Potions
 d - a potion of berserk rage {unknown}
 f - a potion of lignification {unknown}
 g - a potion of curing
 h - a potion of ambrosia
 n - 2 potions of flight {unknown}
 r - a potion of haste {unknown}
 t - 2 potions of invisibility {unknown}
 z - a potion of attraction {unknown}
 A - 2 potions of resistance {unknown}
 D - a potion of degeneration {unknown}


   Skills:
 + Level 8.0 Fighting
 + Level 7.3 Axes
 + Level 8.0 Armour
 + Level 6.2 Dodging
 + Level 5.0 Stealth
 + Level 7.9 Shields


You had 8 spell levels left.
You didn't know any spells.
Your spell library contained the following spells:

 Spells                   Type           Power      Damage    Failure   Level
 Freeze                   Ice            0%         1d3       98%         1
 Ensorcelled Hibernation  Hex/Ice        0%         N/A       99%         2
 Passwall                 Tmut/Erth      0%         N/A       99%         2
 Static Discharge         Conj/Air       0%         3-3/arc   99%         2
 Sublimation of Blood     Necr           0%         N/A       99%         2
 Wereblood                Tmut           0%         N/A       99%         2
 Conjure Flame            Conj/Fire      0%         6-21      100%        3
 Frozen Ramparts          Ice            0%         1d2       100%        3
 Ignite Poison            Fire/Tmut/Pois 0%         N/A       100%        3
 Swiftness                Air            0%         N/A       100%        3
 Dispel Undead            Necr           0%         3d6       100%        4
 Hailstorm                Conj/Ice       0%         3d3       100%        4
 Sticky Flame             Conj/Fire      0%         2d3       100%        4
 Summon Hydra             Summ           Unusable   N/A       N/A         7

Dungeon Overview and Level Annotations

Branches:
Dungeon (8/15)             Temple (1/1) D:7
   Lair: D:8-11

Altars:
Ashenzari
Dithmenos
Elyvilon
Fedhas
Gozag
Hepliaklqana
Kikubaaqudgha
Makhleb
Nemelex Xobeh
Okawaru
Qazlal
Ru
Sif Muna
Trog
Uskayaw
Vehumet
Wu Jian
Yredelemnul
Zin
The Shining One

Shops:
D:4 (

Annotations:
D:6 1 runed translucent door, jimonade's ghost, novice SpHu
D:8 Grum


Innate Abilities, Weirdness & Mutations

You have a pair of horns on your head.
You reflexively headbutt those who attack you in melee.


Message History

The wolf bites you but does no damage. The wolf barely misses you.
Grum barely misses you.
You hit the wolf but do no damage. You headbutt the wolf.
The wolf is heavily wounded.
The wolf bites you but does no damage. The wolf bites you!
Grum glances around and shouts, "Pluto!
Here boy!"
Grum hits you from afar with a +1 glaive!
You slash the wolf!
The wolf is almost dead.
You block the wolf's attack.
Grum hits you from afar with a +1 glaive!!
You block the wolf's attack.
You closely miss the wolf.
The wolf is almost dead.
The wolf bites you but does no damage. You block Grum's attack.
The wolf bites you.
You hit the wolf. Your headbutt misses the wolf.
The wolf is almost dead.
The wolf bites you but does no damage. Grum closely misses you.
The wolf barely misses you.
You closely miss the wolf.
The wolf is almost dead.
You block the wolf's attack.
Grum hits you from afar with a +1 glaive!!
* * * LOW HITPOINT WARNING * * *
The wolf bites you.
* * * LOW HITPOINT WARNING * * *
It was a potion of ambrosia.
You are confused.
You feel invigorated.
Grum hits you from afar with a +1 glaive.
* * * LOW HITPOINT WARNING * * *
The wolf bites you but does no damage.
You miss the wolf. Your headbutt misses the wolf.
The wolf is almost dead.
The wolf closely misses you. Grum hits you but does no damage.
The wolf bites you but does no damage.
You bump into the rock wall.
The wolf barely misses you.
Grum hits you from afar with a +1 glaive!!
You die...

#..[#### #.#........######
#.####?..##.###......###......#
...................#####......#
...................##.........#
..............>....##.##......#
..##.#...#g.##........##..<...#
. #.#...#..#####........######
#.#...#.h#####<########
#...[.#.hgh@...#
#.#..)#.####...#
#.........##.#.### ####
##....###).......######.....
#.#### #)).#....##.......# #.
#.#####......####.##
#.######..........#.### ..#
...........#...#......# #.#
#.######.......#......###.#


You could see Grum and 3 wolves.

Vanquished Creatures
  3 kobold demonologists (D:7)
  Sigmund (D:5)
  A wyvern (D:8)
  2 steam dragons
  A black bear (D:5)
  An orc warrior (D:6)
  3 sky beasts
  A wolf (D:8)
  An ogre (D:5)
  A phantom (D:5)
  4 kobold brigands
  2 bullfrogs
  A necrophage (D:6)
  A gnoll sergeant (D:6)
  2 scorpions
  5 wights (D:8)
  A howler monkey (D:7)
  4 orc priests
  Crazy Yiuf (D:3)
  6 hounds
  3 jellies
  A gnoll bouda (D:5)
  2 iguanas
  4 orc wizards
  6 gnolls
  6 adders
  2 white imps
  2 ufetubi
  3 worms
  3 dart slugs
  13 orcs
  4 bats (D:1)
  5 endoplasms
  5 goblins
  4 hobgoblins
  11 kobolds
  6 quokkas
  6 ball pythons
  5 frilled lizards
  4 rats
137 creatures vanquished.

Vanquished Creatures (others)
  4 plants (D:6)
4 creatures vanquished.

Grand Total: 141 creatures vanquished

Notes
Turn   | Place    | Note
-------+----------+-------------------------------------------
     0 | D:1      | hquester1 the Minotaur Fighter began the quest for the Orb.
     0 | D:1      | Reached XP level 1. HP: 19/19 MP: 0/0
   156 | D:1      | Reached XP level 2. HP: 26/27 MP: 1/1
   646 | D:1      | Reached skill level 1 in Dodging
   646 | D:1      | Reached XP level 3. HP: 33/33 MP: 2/2
   990 | D:2      | Found a faded altar of an unknown god.
  2313 | D:3      | Found a runed translucent door.
  2314 | D:3      | Noticed Crazy Yiuf
  2322 | D:3      | Killed Crazy Yiuf
  2323 | D:3      | Reached XP level 4. HP: 21/40 MP: 3/3
  2625 | D:4      | Found a hazy altar of Hepliaklqana.
  2673 | D:4      | Reached skill level 1 in Stealth
  2673 | D:4      | Reached XP level 5. HP: 17/47 MP: 4/4
  2676 | D:4      | HP: 2/47 [orc priest/divine providence (13)]
  2979 | D:4      | Found a burning altar of Makhleb.
  3203 | D:4      | Reached XP level 6. HP: 31/55 MP: 5/5
  3441 | D:4      | Found Miaja's Antique Weapon Boutique.
  3717 | D:5      | Entered Level 5 of the Dungeon
  3764 | D:5      | Reached skill level 5 in Fighting
  3764 | D:5      | Reached skill level 5 in Shields
  3899 | D:5      | Reached skill level 5 in Armour
  3899 | D:5      | Reached XP level 7. HP: 30/61 MP: 6/6
  4596 | D:5      | Noticed Sigmund
  4602 | D:5      | Killed Sigmund
  4628 | D:5      | Reached skill level 5 in Axes
  4647 | D:5      | Reached XP level 8. HP: 70/70 MP: 7/7
  5007 | D:6      | Found a runed translucent door.
  5012 | D:6      | Noticed jimonade's ghost (novice SpHu)
  5168 | D:6      | Found a shimmering blue altar of Sif Muna.
  5655 | D:7      | Reached skill level 5 in Dodging
  5857 | D:7      | Noticed a kobold demonologist
  5858 | D:7      | Reached XP level 9. HP: 78/78 MP: 8/8
  5859 | D:7      | Noticed a kobold demonologist
  5865 | D:7      | Noticed a kobold demonologist
  5868 | D:7      | Noticed a rust devil
  5868 | D:7      | Killed a kobold demonologist
  5868 | D:7      | Killed a kobold demonologist
  5874 | D:7      | Noticed a soul eater
  5875 | D:7      | Killed a kobold demonologist
  6032 | D:7      | Found a staircase to the Ecumenical Temple.
  6041 | Temple   | Entered the Ecumenical Temple
  6070 | Temple   | Became a worshipper of Warmaster Okawaru
  6551 | D:8      | Reached skill level 5 in Stealth
  6559 | D:8      | Noticed Grum
  6582 | D:8      | Slain by Grum

Illustrated notes

Levels and vault maps discovered:
D:1:      minmay_arrival_cross, layout_loops_ring,
          wander_ebering_terrifying_dragon_lair
D:2:      layout_basic, ebering_ecumenical_altar_hall
D:3:      layout_loops_ring, st_stairs_9, uniq_crazy_yiuf_cottage
D:4:      layout_loops_ring, lightli_temple_of_fire,
          mainiacjoe_overflow_surrounded_room, serial_glass, glass_columns_a,
          glass_columns_a, serial_shops, nicolae_shop_advertising_works
          [nicolae_subvault_shop_adworks], grunt_decor_fettered,
          kennysheep_path_1, chequers_mini_garden
D:5:      layout_rooms, uniq_sigmund
D:6:      layout_gridville, kennysheep_orc_sif_temple, ebering_ghost_sewer_d,
          nicolae_grassy_gnolls
D:7:      layout_gridville, minmay_temple_entry_poolview
D:8:      layout_loops_cross, kennysheep_slug_shrine,
          mainiacjoe_overflow_catwalk, hangedman_decor_lopped, uniq_grum
Temple:   bh_familiar_temple

Skill      XL: |  1  2  3  4  5  6  7  8  9 |
---------------+----------------------------+-----
Fighting       | 4 5 6 8 |  8.0
Shields        | 4 5 6 7 |  7.9
Dodging        | 1 2 3 5 6 |  6.2
Armour         | 4 5 6 8 |  8.0
Axes           | 3 4 5 6 7 |  7.3
Stealth        | 1 2 3 4 5 |  5.0

Action                   |  1- 3 |  4- 6 |  7- 9 || total
-------------------------+-------+-------+-------++-------
Melee: War axe           |    84 |    74 |   246 ||   404
       Headbutt          |    15 |    17 |    62 ||    94
  Use: Potion            |       |     2 |     3 ||     5
Armor: Scale mail        |    33 |    17 |       ||    50
       Chain mail        |       |    42 |   157 ||   199
Dodge: Dodged            |    45 |    47 |   135 ||   227
Block: Buckler           |    17 |    30 |    88 ||   135

Table legend: (Time is in decaauts)
 A = Elapsed time spent in this place.
 B = Non-inter-level travel time spent in this place.
 C = Inter-level travel time spent in this place.
 D = Time resting spent in this place.
 E = Time spent auto-exploring this place.
 F = Levels seen in this place.
 G = Mean time per level.
                   A        B        C        D        E       F      G
               +--------+--------+--------+--------+--------+-----+--------+
         Total |   6695 |   6516 |    179 |    204 |   4975 |   9 |  743.9 |
       Dungeon |   6519 |   6355 |    164 |    204 |   4822 |   8 |  814.9 |
        Temple |    175 |    160 |     15 |      0 |    153 |   1 |  175.0 |
               +--------+--------+--------+--------+--------+-----+--------+

Top non-repeatable levels by time:
     D:4: 1179 daAuts
     D:5: 1110 daAuts
     D:3: 930 daAuts
     D:6: 859 daAuts
     D:2: 834 daAuts
     D:1: 806 daAuts
     D:7: 597 daAuts
     D:8: 201 daAuts
  Temple: 175 daAuts
